 Dungeon Crawl Stone Soup version 0.26-a0-660-gc07710193c (webtiles) character file.

Game seed: 15533732933100321899

2 Banto the Sneak (level 1, -7/18 HPs)
             Began as a Human Delver on Oct 7, 2020.
             Killed from afar by a white imp (8 damage)
             ... with a puff of frost
             ... on level 5 of the Dungeon.
             The game lasted 00:00:20 (57 turns).

Banto the Sneak (Human Delver)                        Turns: 57, Time: 00:00:20

Health: -7/18      AC:  3    Str: 12    XL:     1   Next: 33%
Magic:  1/1        EV: 12    Int: 10    God:
Gold:   0          SH:  0    Dex: 14    Spells: 0/0 levels left

rFire    . . .     SeeInvis .   a - +0 mace
rCold    . . .     Faith    .   (no shield)
rNeg     . . .     Spirit   .   b - +0 leather armour
rPois    .         Reflect  .   (no helmet)
rElec    .         Harm     .   (no cloak)
rCorr    .         Rampage  .   (no gloves)
MR       .....                  (no boots)
Stlth    +++.......             (no amulet)
HPRegen  0.06/turn              (no ring)
MPRegen  0.07/turn              (no ring)

@: no status effects
A: no striking features
a: no special abilities


You were on level 5 of the Dungeon.
You visited 1 branch of the dungeon, and saw 1 of its levels.

Inventory:

Hand Weapons
 a - a +0 mace (weapon)
Armour
 b - a +0 leather armour (worn)
Wands
 g - a wand of digging (3)
Scrolls
 c - a scroll of fog
 d - a scroll of magic mapping
 e - a scroll of fear
Potions
 f - a potion of haste


   Skills:
 - Level 3.0 Fighting
 + Level 2.2 Maces & Flails
 - Level 2.0 Dodging
 - Level 5.0 Stealth


You couldn't memorise any spells.
You didn't know any spells.
Your spell library was empty.

Dungeon Overview and Level Annotations

Branches:
Dungeon (5/15)
 Temple: D:4-7

Altars:


Message History

You are too injured to fight recklessly!
You are too injured to fight recklessly!
You are too injured to fight recklessly!
You are too injured to fight recklessly!
You are too injured to fight recklessly!
Unknown command.
You sock the orc!
You kill the orc!
You barely miss the white imp. The white imp closely misses you.
The orc shouts!
You hit the white imp but do no damage. The white imp closely misses you.
You hit the white imp but do no damage. The white imp misses you.
The white imp hits you. The white imp freezes you.
* * * LOW HITPOINT WARNING * * *
You take 6 damage, and have 1/18 hp.
MASSIVE DAMAGE!!
You hit the white imp.
The white imp is moderately wounded.
The white imp gestures at you. The puff of frost hits you!
You die...

#.# #.# #.# #.#
#.# #.# . #.#
....###########.#
...BBo5@........#
...oo############
... .


You could see a worker ant, a white imp, 3 orcs and a giant cockroach.

Vanquished Creatures
  An orc (D:5)
1 creature vanquished.

Notes
Turn   | Place    | Note
-------+----------+-------------------------------------------
     0 | D:5      | Banto the Human Delver began the quest for the Orb.
     0 | D:5      | Reached XP level 1. HP: 18/18 MP: 1/1
    51 | D:5      | Noticed a worker ant
    57 | D:5      | Killed from afar by a white imp

Illustrated notes

Levels and vault maps discovered:
D:5:      layout_loops_ring, uniq_blork_the_orc, uniq_prince_ribbit1,
          uniq_menkaure

Action                   || total
-------------------------++-------
Melee: Mace              ||     9
Armor: Leather armour    ||     2
Dodge: Dodged            ||     3

Table legend: (Time is in decaauts)
 A = Elapsed time spent in this place.
 B = Non-inter-level travel time spent in this place.
 C = Inter-level travel time spent in this place.
 D = Time resting spent in this place.
 E = Time spent auto-exploring this place.
 F = Levels seen in this place.
 G = Mean time per level.
                   A        B        C        D        E       F      G
               +--------+--------+--------+--------+--------+-----+--------+
         Total |     59 |     59 |      0 |      0 |     45 |   1 |   59.0 |
       Dungeon |     59 |     59 |      0 |      0 |     45 |   1 |   59.0 |
               +--------+--------+--------+--------+--------+-----+--------+

Top non-repeatable levels by time:
     D:5: 59 daAuts

Table legend:
 A = Kills in this place as a percentage of kills in entire the game.
 B = Kills by you in this place as a percentage of kills by you in the entire game.
 C = Kills by friends in this place as a percentage of kills by friends in the entire game.
 D = Other kills in this place as a percentage of other kills in the entire game.
 E = Experience gained in this place as a percentage of experience gained in the entire game.
 F = Experience gained in this place divided by the number of levels of this place that you have seen.
                   A       B       C       D       E      F
               +-------+-------+-------+-------+-------+----------------------
         Total | 100.0 | 100.0 |   N/A |   N/A | 100.0 |   3.0
       Dungeon | 100.0 | 100.0 |   N/A |   N/A | 100.0 |   3.0
               +-------+-------+-------+-------+-------+----------------------
